 Dungeon Crawl Stone Soup version 0.28.0 (webtiles) character file.

Game seed: 13934436431353416138

212 Mitsuki the Magician (level 6, -1/46 HPs)
             Began as a Djinni Fire Elementalist on Feb 7, 2022.
             Slain by a quokka (3 damage)
             ... on level 3 of the Dungeon.
             The game lasted 00:09:42 (2905 turns).

Mitsuki the Magician (Djinni Fire Elementalist)     Turns: 2905, Time: 00:09:42

Health: -1/46      AC:  2    Str:  7    XL:     6   Next: 14%
Gold:   40         EV: 12    Int: 18    God:
                   SH:  0    Dex: 14

rFire   + + .      SeeInvis .   b - +0 hand axe
rCold   x . .      Faith    .   (no shield)
rNeg    . . .      Spirit   .   a - +0 robe
rPois   ∞          Reflect  .   (no helmet)
rElec   .          Harm     .   (no cloak)
rCorr   .          Rampage  .   (no gloves)
Will    .....                   (boots unavailable)
Stlth   ++........              (no amulet)
HPRegen 0.15/turn               (no ring)
MPRegen 0.00/turn               (no ring)

@: flying, very slightly contaminated
A: sickness immunity, fire resistance 2, cold vulnerability 1, float, innate
caster, HP casting, extra vitality 1
a: no special abilities


You were on level 3 of the Dungeon.
You visited 1 branch of the dungeon, and saw 3 of its levels.

You collected 40 gold pieces.

Inventory:

Hand Weapons
 b - a +0 hand axe (weapon)
Armour
 a - a +0 robe (worn)
Scrolls
 e - a scroll of torment {unknown}
 f - a scroll of immolation {unknown}
 g - 2 scrolls of identify {unknown}
 h - a scroll of amnesia {unknown}
 j - a scroll of fog {unknown}
Potions
 c - 2 potions of brilliance {unknown}
 d - a potion of flight {unknown}
 i - a potion of degeneration {unknown}


   Skills:
 + Level 3.1 Fighting
 - Level 2.5 Dodging
 - Level 1.9 Stealth
 * Level 3.9 Spellcasting


You couldn't memorise any spells.
You knew the following spells:

 Your Spells              Type           Power      Damage    Failure   Level
a - Foxfire               Conj/Fire      68%        2x1d7     3%          1
b - Scorch                Fire           34%        2d7       4%          2
c - Conjure Flame         Conj/Fire      17%        6-21      9%          3
d - Inner Flame           Hex/Fire       17%        N/A       9%          3
e - Flame Wave            Conj/Fire      17%        2d6       28%         4
f - Slow                  Hex            68%        N/A       3%          1
g - Corpse Rot            Necr/Air       34%        N/A       4%          2
Your spell library was empty.

Dungeon Overview and Level Annotations

Branches:
Dungeon (3/15)

Altars:

Shops:
D:2 *:*!


Innate Abilities, Weirdness & Mutations

You are immune to sickness and miasma.
You are immune to poison.
Your flesh is very heat resistant. (rF++)
You are vulnerable to cold. (rC-)
You float through the air rather than walking.
You learn spells naturally, not from books.
Your magical power is your life essence.
You have superior vitality. (+4 MHP)


Message History

Confirm with . or Enter, or press ? or * to list all spells.
You can't see any susceptible monsters within range! (Use Z to cast anyway.)
Casting: Scorch (safe; 4% risk of failure)
Confirm with . or Enter, or press ? or * to list all spells.
You miscast Foxfire.
Nothing appears to happen.
Something hits you.
You take 4 damage, and have 15/40 hp.
Casting: Foxfire (safe; 3% risk of failure)
Confirm with . or Enter, or press ? or * to list all spells.
You conjure some foxfire!
Something barely misses you.
You take 1 damage, and have 14/40 hp.
The foxfire hits something.
A quokka comes into view.
You hear some strange, mumbled words.
A magic dart appears from out of thin air!
The magic dart hits you!
* * * LOW HITPOINT WARNING * * *
You take 11 damage, and have 3/40 hp.
MASSIVE DAMAGE!!
Casting: Foxfire (safe; 3% risk of failure)
Confirm with . or Enter, or press ? or * to list all spells.
You conjure some foxfire!
* * * LOW HITPOINT WARNING * * *
Something hits you.
* * * LOW HITPOINT WARNING * * *
You take 2 damage, and have 1/40 hp.
The foxfire hits the quokka.
The quokka is moderately wounded.
The foxfire hits something.
Reactivating autopickup.
You feel a bit more experienced.
The foxfire hits the quokka.
The quokka is heavily wounded.
The quokka bites you but does no damage.
Your Fighting skill increases to level 3!
You have reached level 6!
You closely miss the quokka.
The quokka is heavily wounded.
The quokka closely misses you.
You miss the quokka.
The quokka is heavily wounded.
The quokka misses you. The quokka bites you.
You die...

.. .. #. #
#### ...#
#.#. .#.#
..) ...
###.#)#)##
#....)@).#
#.#.#.#r##
... ...
#.#. .###
###. .. #.
## .. ..


You could see a quokka.

Vanquished Creatures
  An orc priest (D:3)
  Natasha (D:2)
  2 orc wizards (D:3)
  A hound skeleton (D:2)
  3 adders
  A worm (D:2)
  3 dart slugs (D:2)
  3 orcs (D:3)
  5 bats
  3 endoplasms
  A giant cockroach (D:2)
  2 goblins (D:1)
  7 hobgoblins
  6 jackals (D:1)
  6 kobolds
  3 quokkas (D:1)
  4 ball pythons
  3 frilled lizards
  7 rats
62 creatures vanquished.

Vanquished Creatures (others)
  127 foxfires
127 creatures vanquished.

Grand Total: 189 creatures vanquished

Notes
Turn   | Place    | Note
-------+----------+-------------------------------------------
     0 | D:1      | Mitsuki the Djinni Fire Elementalist began the quest for
                  | the Orb.
     0 | D:1      | Reached XP level 1. HP: 15/15 MP: 0/0
   328 | D:1      | Reached XP level 2. HP: 18/21 MP: 0/0
   692 | D:1      | Reached XP level 3. HP: 16/26 MP: 0/0
   692 | D:1      | Learned a level 1 spell: Slow
  1187 | D:1      | Reached skill level 1 in Fighting
  1743 | D:1      | Found a faded altar of an unknown god.
  2000 | D:2      | Reached XP level 4. HP: 23/32 MP: 0/0
  2187 | D:2      | Found Konom's Assorted Antiques.
  2199 | D:2      | Found Ruygycs's Book Shoppe.
  2338 | D:2      | Found Rymo's Distillery.
  2339 | D:2      | Found Penkuh's General Store.
  2752 | D:2      | Noticed Natasha
  2759 | D:2      | Killed Natasha
  2760 | D:2      | Reached XP level 5. HP: 32/39 MP: 0/0
  2760 | D:2      | Learned a level 2 spell: Corpse Rot
  2902 | D:3      | HP: 1/40 [something (1)]
  2904 | D:3      | Reached XP level 6. HP: 2/46 MP: 0/0
  2905 | D:3      | Slain by a quokka

Illustrated notes

Levels and vault maps discovered:
D:1:      amcnicky_arrival_blooded_trapdoor, layout_loops_ring,
          shapermc_ecumenical_altar_ellora
D:2:      layout_rooms, serial_shops, shop, shop, nicolae_shop_advertising_works
          [nicolae_subvault_shop_adworks], nicolae_shop_behind_doors,
          uniq_natasha
D:3:      layout_basic, serial_shops,
          nicolae_shop_temple_entry_statues_fountains, minmay_misc_feat_iff,
          st_stairs_8

Skill      XL: |  1  2  3  4  5 |
---------------+----------------+-----
Fighting       | 1 2 3 |  3.1
Spellcasting   | 3 |  3.9
Dodging        | |  2.5
Stealth        | |  1.9

Action                   |  1- 3 |  4- 6 || total
-------------------------+-------+-------++-------
Melee: Hand axe          |    25 |     2 ||    27
 Cast: Foxfire           |    41 |    43 ||    84
       Scorch            |    11 |     9 ||    20
       Flame Wave        |       |     1 ||     1
 Stab: Sleeping          |     2 |       ||     2
Armor: Robe              |     1 |     3 ||     4
Dodge: Dodged            |    29 |    11 ||    40
